 Dungeon Crawl Stone Soup version 0.30-a0-777-ga9a30cbeda (webtiles) character file.

Game seed: 9747388971087161009

89504 arthad the Convoker (level 15, -8/70 HPs)
             Began as a Felid Summoner on Feb 12, 2023.
             Was an Initiate of Gozag.
             Killed by the raging water
             ... invoked by a water nymph
              (39 damage)
             ... on level 4 of the Shoals on Feb 13, 2023.
             The game lasted 02:50:29 (34392 turns).

arthad the Convoker (Felid Summoner)               Turns: 34392, Time: 02:50:30

Health: -8/70      AC:  3    Str:  4    XL:     15   Next: 49%
Magic:  5/34       EV:  4    Int: 24    God:    Gozag
Gold:   2541       SH:  0    Dex: 17    Spells: 6/42 levels left
                                        Lives:  0   Deaths: 5

rFire   . . .      SeeInvis +      - Unarmed
rCold   + . .      Faith    .    (shield unavailable)
rNeg    . . .      Spirit   .    (body armour unavailable)
rPois   .          Reflect  .    (helmet unavailable)
rElec   .          Harm     .    (cloak unavailable)
rCorr   .          Rampage  .    (gloves unavailable)
Will    ++...                    (boots unavailable)
Stlth   +                        N - amulet of magic regeneration
HPRegen 0.31/turn                d - ring of wizardry
MPRegen 0.64/turn                o - ring of wizardry

@: about to teleport, sleeping, gold aura, on blink cooldown, very slightly
contaminated, very slow
A: very small, claws 1, fangs 3, see invisible, speed 1, shaggy fur 3, stealthy
paws, no weapons or thrown items, no armour, multi-lived
a: Renounce Religion, Potion Petition, Call Merchant, Bribe Branch


You were on level 4 of the Shoals.
You worshipped Gozag.
Gozag was most pleased with you.
You visited 5 branches of the dungeon, and saw 26 of its levels.
You also visited: Ossuary.

You collected 9227 gold pieces.
You spent 1574 gold pieces at shops.
You paid 5112 gold pieces to Gozag.

Inventory:

Jewellery
 d - a ring of wizardry (left paw)
 h - an amulet of regeneration
 j - a ring of positive energy
 o - a ring of wizardry (right paw)
 w - a ring of protection from cold
 y - a ring of positive energy
 A - a +4 ring of protection
 C - a +4 ring of slaying
 G - a +4 ring of slaying
 M - a ring of resist corrosion
 N - an amulet of magic regeneration (around neck)
 T - a ring of flight
 V - an amulet of reflection
Wands
 m - a wand of iceblast (27)
 E - a wand of mindburst (9)
 K - a wand of acid (11)
 P - a wand of flame (13)
 Q - a wand of paralysis (12)
Scrolls
 f - 4 scrolls of fear
 l - 2 scrolls of blinking
 r - 5 scrolls of fog
 v - 6 scrolls of identify
 x - 9 scrolls of teleportation
 z - 2 scrolls of vulnerability
 B - 4 scrolls of poison
 F - 4 scrolls of torment
 L - a scroll of immolation
 R - a scroll of butterflies
Potions
 a - 4 potions of magic
 b - 3 potions of ambrosia
 c - 5 potions of curing
 e - 5 potions of attraction
 g - 5 potions of mutation
 q - 3 potions of brilliance
 s - 4 potions of haste
 t - 3 potions of invisibility
 u - 2 potions of resistance
 D - 3 potions of berserk rage
 J - 3 potions of lignification
 O - 7 potions of flight
 Y - a potion of cancellation
Miscellaneous
 i - a tin of tremorstones (1/2)
 W - a phial of floods


   Skills:
 + Level 10.8 Fighting
 + Level 14.1 Dodging
 - Level 2.6 Stealth
 + Level 7.0 Unarmed Combat
 * Level 14.0 Spellcasting
 + Level 8.9 Hexes
 * Level 15.8 Summonings
 - Level 5.0 Necromancy
 * Level 6.2 Transmutations
 * Level 11.1 Air Magic
 - Level 6.0 Evocations


You had 6 spell levels left.
You knew the following spells:

 Your Spells              Type           Power      Damage    Failure   Level
b - Call Imp              Summ           75%        N/A       0%          2
c - Call Canine Familiar  Summ           75%        N/A       0%          3
d - Summon Guardian Gole  Hex/Summ       66%        N/A       1%          3
e - Summon Lightning Spi  Summ/Air       69%        N/A       1%          4
f - Tukima's Dance        Hex            56%        N/A       1%          3
g - Anguish               Hex/Necr       25%        N/A       1%          4
h - Summon Hydra          Summ           37%        N/A       1%          7
i - Blink                 Tloc           32%        N/A       1%          2
j - Summon Horrible Thin  Summ           37%        N/A       10%         8

Your spell library contained the following spells:

 Spells                   Type           Power      Damage    Failure   Level
 Summon Small Mammal      Summ           100%       N/A       0%          1
 Foxfire                  Conj/Fire      64%        2x1d7     1%          1
 Sting                    Tmut/Pois      100%       1d8       1%          1
 Lesser Beckoning         Tloc           32%        N/A       1%          2
 Momentum Strike          Conj/Tloc      32%        3d8       1%          2
 Poisonous Vapours        Pois/Air       86%        N/A       1%          2
 Sublimation of Blood     Necr           40%        N/A       1%          2
 Wereblood                Tmut           47%        N/A       1%          2
 Inner Flame              Hex/Fire       38%        N/A       1%          3
 Kindle Blastsparks       Fire/Tloc/Air  68%        2d15      1%          3
 Summon Forest            Summ/Tloc      26%        N/A       1%          5
 Summon Mana Viper        Hex/Summ       66%        N/A       1%          5
 Summon Cactus Giant      Summ           37%        N/A       1%          6
 Blade Hands              Tmut           23%        N/A       2%          5
 Gell's Gravitas          Tloc           16%        N/A       3%          3
 Ozocubu's Armour         Ice            16%        N/A       3%          3
 Teleport Other           Tloc           16%        N/A       3%          3
 Metabolic Englaciation   Hex/Ice        19%        N/A       4%          5
 Flame Wave               Conj/Fire      16%        2d7       10%         4
 Olgreb's Toxic Radiance  Pois           16%        N/A       10%         4
 Sticky Flame             Conj/Fire      16%        2d4       10%         4
 Conjure Ball Lightning   Conj/Air       21%        3x3d6     14%         6
 Fireball                 Conj/Fire      8%         3d6       24%         5
 Iskenderun's Battlesphe  Conj           16%        2d7       24%         5
 Iron Shot                Conj/Erth      8%         9d3       75%         6
 Enfeeble                 Hex            28%        N/A       19%         7
 Storm Form               Tmut/Air       28%        N/A       21%         7
 Malign Gateway           Summ/Tloc      26%        N/A       28%         7
 Maxwell's Capacitive Co  Air            31%        ∞         50%         8
 Orb of Destruction       Conj           8%         9d6       99%         7
 Ozocubu's Refrigeration  Ice            8%         4d9       99%         7
 Necromutation            Tmut/Necr      21%        N/A       99%         8
 Ignition                 Fire           8%         3d5       100%        8
 Portal Projectile        Hex/Tloc       Unusable   N/A       N/A         3
 Animate Armour           Summ/Erth      Unusable   N/A       N/A         4
 Simulacrum               Ice/Necr       Unusable   N/A       N/A         6

Dungeon Overview and Level Annotations

Branches:
Dungeon (14/15)            Temple (1/1) D:4            Lair (5/5) D:9
 Shoals (4/4) Lair:2       Spider (0/4) Lair:2        Slime (0/5) Lair:5
    Orc (2/2) D:9             Elf (0/3) Orc:2        Vaults (0/5) D:13
Ossuary (visited)

Altars:
Ashenzari
Cheibriados
Dithmenos
Elyvilon
Fedhas
Gozag
Hepliaklqana
Kikubaaqudgha
Makhleb
Nemelex Xobeh
Okawaru
Qazlal
Ru
Sif Muna
Trog
Uskayaw
Vehumet
Wu Jian
Xom
Yredelemnul
Zin
The Shining One
Jiyva

Shops:
D:9 (=   Orc:1 (   Orc:2 [*:   Lair:1 =:   Lair:2 :   Lair:5 =   Shoals:2 =

Annotations:
D:6 1 runed translucent door, Hubris850's ghost, novice OpCj
D:9 2 transporters, vexzain's ghost, novice OpVM
Lair:1 2 transporters, Abyshratz's ghost, journeyman MfGl
Shoals:1 2 transporters, exclusion: orange crystal statue


Innate Abilities, Weirdness & Mutations

You have sharp claws.
You have razor-sharp teeth.
You have supernaturally acute eyesight. (SInv)
You cover ground quickly. (Speed+)
Your thick and shaggy fur keeps you warm. (AC +3, rC+)
Your paws help you pounce on unaware monsters.
You are incapable of wielding weapons or throwing items.
You cannot wear armour.
You gain extra lives every three experience levels.


Message History

The burst of rock shards engulfs your large abomination!
The burst of rock shards engulfs your seven-headed hydra!
The burst of rock shards engulfs your large abomination but does no damage.
The burst of rock shards engulfs your lightning spire but does no damage.
The burst of rock shards engulfs your seven-headed hydra!
The burst of rock shards engulfs the merfolk!!
You kill the merfolk!
The burst of rock shards engulfs your large abomination! x2
The burst of rock shards engulfs your large abomination but does no damage.
The burst of rock shards engulfs you!
Your large abomination disappears in a puff of smoke! x3
Your seven-headed hydra disappears in a puff of smoke!
Your lightning spire disappears in a puff of smoke!
You hear a bleat!
You hear a shout!
You hear a bleat! x2
A merfolk aquamancer comes into view. It is wielding a +1 rapier of venom.
A dream sheep comes into view.
As you read the scroll of teleportation, it crumbles to dust.
You feel strangely unstable.
Casting: Summon Horrible Things (quite dangerous; 10% risk of failure)
Confirm with . or Enter, or press ? or * to list all spells.
You blink.
Splash!
You fall into the shallow water.
Moving in this stuff is going to be slow.
You hear a shout!
The dream sheep is distracted by your dazzling golden aura.
Casting: Blink (safe; 1% risk of failure)
Confirm with . or Enter, or press ? or * to list all spells.
You are still too unstable to blink. 2 dream sheep come into view.
The dream sheep bleats! x2
The dream sheep is no longer distracted by gold.
The merfolk impaler misses you.
The dream sheep shake their wool and sparkle.
You feel drowsy...
You fall asleep.
The water nymph gestures at you while chanting.
The water swirls and strikes you!!!
Ouch! That really hurt!
You die...
Your body crumbles into a pile of gold.

.....#~#~~≈#~~≈#~~~~~~~≈
.....#~~~≈≈≈≈~≈#~~~~~P~≈
.....#.~≈≈##≈~≈#~~~~..~≈
.....#..#≈#≈~~≈#..~~.P~~
.....#~.~≈≈~)# #≈~~~~~~~
.....##~~~~~#≈##~~~~~~~~
..#...##≈≈≈≈≈##≈≈≈~~~~~~
..#....#######≈≈≈≈~~~~..
~..........~≈≈§~@~~~~..~
...........~~~§....~~~~~
.~~~.......t~mm....~~~~~
~~~.######.~~~m.......Y~
~~~##~...~#$~......Y#..~
~~##~...#~~#~.........~~
~~#≈..#≈~~~~#.........~~
~.#≈~ #X~#~#..)......~
..# ##≈~~#~.......~


You could see a merfolk impaler, a merfolk aquamancer, a snapping turtle, a
water nymph and 2 dream sheep.

Vanquished Creatures
  A boulder beetle (D:11)
  An unseen horror (D:11)
  A wind drake (Shoals:2)
  3 merfolk
  2 nameless horrors (D:13)
  2 blink frogs (Lair:5)
  3 yaks (Lair:5)
  A warg (Orc:2)
  An orc warrior (Orc:2)
  2 hell hounds (Lair:5)
  A wolf (Lair:5)
  A phantom (D:9)
  4 wights (D:7)
  A troll zombie (D:9)
  A howler monkey (D:9)
  5 electric eels
  2 mummies (Ossuary)
  An orc (Orc:1)
  A bat (D:1)
  A kobold (D:8)
35 creatures vanquished.

Vanquished Creatures (collateral kills)
  Gastronok (D:8)
  An orc warlord (Orc:2)
  2 apis (D:14)
  3 merfolk impalers
  A merfolk javelineer (Shoals:3)
  Josephine (Shoals:1)
  Erolcha (Orc:2)
  7 hydras
  4 merfolk aquamancers
  An alligator snapping turtle (Shoals:4)
  5 boulder beetles (D:13)
  2 catoblepae
  A death knight (D:14)
  A centaur warrior (Shoals:2)
  3 two-headed ogres
  9 merfolk avatars
  A satyr (Shoals:3)
  2 orc high priests
  Sonja (Lair:3)
  Nergalle (D:11)
  8 skeletal warriors
  9 sea snakes
  9 skysharks
  A swamp dragon (Lair:5)
  A necromancer (Lair:4)
  4 orc knights
  4 deep elf pyromancers
  9 harpies
  8 manticores
  2 fauns (Shoals:3)
  4 orc sorcerers
  17 cyclopes
  8 ugly things
  10 merfolk sirens
  9 black mambas
  Maurice (D:8)
  11 elephants
  Joseph (D:7)
  4 water nymphs
  12 cane toads
  3 unseen horrors
  A tengu conjurer (D:13)
  3 rime drakes
  3 komodo dragons
  22 merfolk
  5 trolls
  11 polar bears
  A queen bee (D:12)
  7 wind drakes
  15 blink frogs
  Prince Ribbit (D:7)
  8 snapping turtles
  2 raiju (Lair:5)
  6 dream sheep
  A jumping spider (Lair:2)
  2 shadows (D:11)
  6 water elementals
  2 vampires
  49 yaks
  2 wyverns
  9 wraiths
  4 basilisks
  A redback (D:13)
  A vampire mosquito (D:11)
  7 steam dragons
  2 two-headed ogre zombies (D:9)
  15 water moccasins
  13 hell hounds (Lair:5)
  6 wargs
  4 acid dragons
  19 orc warriors
  2 swamp drakes (Lair:5)
  2 ice beasts
  An elephant zombie (Lair:4)
  12 black bears
  A boggart (D:13)
  14 wolves
  9 centaurs
  3 ogres
  3 kobold brigands
  2 nameless horrors
  2 phantoms (D:9)
  10 bullfrogs
  A scorpion (D:6)
  9 wights
  2 troll zombies (D:9)
  12 killer bees
  An electric eel (D:13)
  6 howler monkeys
  A basilisk zombie (Lair:4)
  2 centaur zombies (Ossuary)
  4 jellies
  2 hounds (D:5)
  15 orc priests
  8 iguanas
  Terence (D:2)
  18 orc wizards
  8 hell rats
  3 ogre zombies (D:9)
  4 mummies (Ossuary)
  7 gnolls
  5 adders
  A worm (D:2)
  A dart slug (D:5)
  49 orcs
  5 endoplasms
  2 giant cockroaches
  10 goblins
  6 hobgoblins
  14 kobolds
  3 quokkas
  7 ball pythons
  2 bats (D:1)
  6 frilled lizards
  2 goblin skeletons (D:9)
  4 hobgoblin skeletons (D:9)
  11 hobgoblin zombies
  5 orc skeletons (D:9)
  6 orc zombies (D:9)
  3 rats
  A bush (Lair:2)
  2 plants
  2 tentacles (Shoals:4)
723 creatures vanquished.

Vanquished Creatures (others)
  A merfolk javelineer (Shoals:1)
  A merfolk impaler (Shoals:3)
  A fire dragon (Lair:5)
  A yaktaur captain (D:13)
  4 hydras
  A satyr (Shoals:4)
  A merfolk aquamancer (Shoals:3)
  2 two-headed ogres (D:10)
  A skyshark (Shoals:1)
  Pikel (D:5)
  An orc knight (Orc:2)
  3 harpies
  An orc sorcerer (Orc:2)
  An ugly thing (D:14)
  2 manticores
  A faun (Shoals:3)
  A black mamba (Lair:5)
  An elephant (Lair:5)
  2 komodo dragons (Lair:1)
  3 yaktaurs
  A polar bear (Lair:5)
  3 meliai (D:12)
  A merfolk (Shoals:4)
  A wind drake (Shoals:1)
  A hornet (D:10)
  7 yaks
  A dancing weapon (Orc:2)
  An ice beast (D:6)
  A black bear (Lair:5)
  2 orc warriors (Orc:2)
  2 wolves (Lair:5)
  2 centaurs
  A bullfrog (Lair:2)
  A gnoll sergeant (D:5)
  3 wights
  5 killer bees (D:12)
  An electric eel (D:8)
  An iguana (Lair:5)
  3 gnolls
  2 orcs (Orc:1)
  A kobold (D:8)
  A hobgoblin skeleton (D:9)
  2 bushes (Lair:2)
  18 fungi
  233 plants
  3 tentacles (Shoals:4)
328 creatures vanquished.

Grand Total: 1086 creatures vanquished

Notes
Turn   | Place    | Note
-------+----------+-------------------------------------------
     0 | D:1      | arthad the Felid Summoner began the quest for the Orb.
     0 | D:1      | Reached XP level 1. HP: 7/7 MP: 4/4
   344 | D:1      | Reached XP level 2. HP: 9/11 MP: 1/6
   347 | D:1      | Learned a level 2 spell: Call Imp
  1090 | D:1      | Found a faded altar of an unknown god.
  1560 | D:2      | Reached skill level 5 in Summonings
  1563 | D:2      | Reached XP level 3. HP: 14/14 MP: 2/7
  1567 | D:2      | Learned a level 3 spell: Call Canine Familiar
  1623 | D:2      | Noticed Terence
  1643 | D:2      | Killed Terence
  1644 | D:2      | Reached skill level 1 in Hexes
  2311 | D:3      | Reached XP level 4. HP: 16/18 MP: 1/8
  3028 | D:3      | Identified the +7 spear of Doors {holy, *Rage rPois rC-
                  | Str+9}
  3284 | D:4      | Reached XP level 5. HP: 21/21 MP: 9/9
  3654 | D:4      | You fall into a shaft and drop 3 floors!
  3684 | D:7      | Reached skill level 1 in Fighting
  3690 | D:7      | Noticed a centaur
  3693 | D:7      | Shot with an arrow by a centaur
  3694 | D:7      | Reached XP level 4. HP: -1/19 MP: 7/9
  3837 | D:7      | Reached XP level 5. HP: 22/22 MP: 3/10
  3910 | D:7      | Noticed a water moccasin
  3923 | D:7      | Found a sand-covered staircase.
  3928 | Ossuary  | Entered an ossuary
  3960 | Ossuary  | Gained mutation: You are covered in thick fur. (AC +2)
                  | [Felid growth]
  3960 | Ossuary  | Reached XP level 6. HP: 20/25 MP: 3/12
  4088 | D:7      | Reached skill level 6 in Summonings
  4216 | D:6      | Learned a level 3 spell: Summon Guardian Golem
  4284 | D:6      | Noticed an ice beast
  4311 | D:6      | Killed an ice beast
  4312 | D:6      | Reached skill level 5 in Hexes
  4312 | D:6      | Reached XP level 7. HP: 30/30 MP: 7/13
  4431 | D:6      | Reached skill level 1 in Air Magic
  4459 | D:5      | Entered Level 5 of the Dungeon
  4487 | D:5      | Mangled by an ice beast
  4488 | D:5      | Reached XP level 6. HP: -7/26 MP: 3/13
  4494 | D:5      | Noticed Pikel
  4510 | D:5      | Killed Pikel
  4511 | D:5      | Reached skill level 5 in Dodging
  4511 | D:5      | Reached XP level 7. HP: 30/30 MP: 10/15
  4696 | D:4      | Found a staircase to the Ecumenical Temple.
  4713 | Temple   | Entered the Ecumenical Temple
  4807 | Temple   | Became a worshipper of Gozag Ym Sagoz the Greedy
  5231 | D:5      | Reached skill level 7 in Summonings
  5237 | D:5      | Learned a level 4 spell: Summon Lightning Spire
  5394 | D:5      | Reached skill level 5 in Spellcasting
  5394 | D:5      | Reached XP level 8. HP: 23/34 MP: 2/16
  5423 | D:5      | Learned a level 3 spell: Tukima's Dance
  6567 | D:6      | Found a runed translucent door.
  6567 | D:6      | Noticed Hubris850's ghost (novice OpCj)
  6681 | D:6      | Found a sparkling altar of Nemelex Xobeh.
  7491 | D:7      | Reached XP level 9. HP: 39/39 MP: 5/18
  7600 | D:7      | Noticed Joseph
  7612 | D:7      | Killed Joseph
  7613 | D:7      | Reached skill level 8 in Summonings
  7651 | D:7      | Noticed Prince Ribbit
  7662 | D:7      | Killed Prince Ribbit
  8005 | D:7      | Reached skill level 5 in Air Magic
  8882 | D:8      | Noticed Gastronok
  8905 | D:8      | Killed Gastronok
  8906 | D:8      | Reached skill level 9 in Summonings
  8906 | D:8      | Reached XP level 10. HP: 29/43 MP: 8/21
  8930 | D:8      | Noticed Maurice
  8985 | D:8      | Killed Maurice
  9256 | D:8      | Reached skill level 5 in Fighting
  9421 | D:8      | HP: 1/44 [electric eel/bolt of electricity (15)]
 10027 | D:9      | Found Jowne's Weapon Emporium.
 10135 | D:9      | Found a snail-covered altar of Cheibriados.
 10135 | D:9      | Found a blossoming altar of Fedhas.
 10139 | D:9      | Found a burning altar of Makhleb.
 10139 | D:9      | Found an ornate altar of the Wu Jian Council.
 10140 | D:9      | Found a basalt altar of Yredelemnul.
 10141 | D:9      | Found an ancient bone altar of Kikubaaqudgha.
 10142 | D:9      | Found a broken altar of Ashenzari.
 10215 | D:9      | Identified the +3 leather armour of Negligence {Rampage
                  | rPois}
 10593 | D:9      | Found a staircase to the Orcish Mines.
 10712 | D:9      | Found a staircase to the Lair.
 11246 | D:9      | Found Mureof's Jewellery Emporium.
 11582 | D:9      | Found a transporter.
 11583 | D:9      | Noticed a two-headed ogre
 11584 | D:9      | Identified the +9 great mace of Fate {flame, Str+3}
 11584 | D:9      | Identified the +1 great mace of Compound Interest {drain,
                  | *Rage rC+ Str+5}
 11584 | D:9      | Noticed a two-headed ogre
 11584 | D:9      | Noticed vexzain's ghost (novice OpVM)
 11588 | D:9      | Found a transporter.
 11589 | D:9      | Noticed a two-headed ogre
 11722 | D:9      | Noticed a two-headed ogre
 11733 | D:10     | Entered Level 10 of the Dungeon
 11746 | D:10     | Reached XP level 11. HP: 48/48 MP: 14/24
 12002 | D:10     | Reached skill level 10 in Summonings
 12229 | D:10     | Noticed a two-headed ogre
 12238 | D:10     | Killed a two-headed ogre
 12524 | D:10     | Noticed a two-headed ogre
 12534 | D:10     | Killed a two-headed ogre
 12793 | D:10     | Learned a level 4 spell: Anguish
 13315 | D:11     | Noticed a two-headed ogre
 13324 | D:11     | Killed a two-headed ogre
 13387 | D:11     | Reached skill level 1 in Necromancy
 13627 | D:11     | Noticed Nergalle
 13653 | D:11     | Noticed a spectral orc warlord
 13654 | D:11     | Killed by an exploding themself... ignited by their inner
                  | flame
 13655 | D:11     | Reached XP level 10. HP: -24/39 MP: 15/23
 13769 | D:11     | Killed Nergalle
 14286 | D:11     | Reached XP level 11. HP: 49/49 MP: 25/25
 14320 | D:11     | Noticed a boulder beetle
 14698 | D:11     | Killed a boulder beetle
 15070 | D:12     | Reached skill level 11 in Summonings
 15157 | D:12     | Noticed a skeletal warrior
 15157 | D:12     | Noticed a skeletal warrior
 15165 | D:12     | Noticed a skeletal warrior
 15176 | D:12     | Noticed a skeletal warrior
 15180 | D:12     | Noticed a skeletal warrior
 15185 | D:12     | Killed a skeletal warrior
 15455 | D:12     | Killed a skeletal warrior
 15597 | D:12     | Killed a skeletal warrior
 15667 | D:12     | Noticed a seven-headed hydra
 15676 | D:12     | Killed a seven-headed hydra
 15689 | D:12     | Killed a skeletal warrior
 15785 | D:12     | Killed a skeletal warrior
 16104 | D:12     | Reached skill level 10 in Dodging
 16104 | D:12     | Gained mutation: Your thick and shaggy fur keeps you warm.
                  | (AC +3, rC+) [Felid growth]
 16104 | D:12     | Reached XP level 12. HP: 54/54 MP: 26/26
 16113 | D:12     | Learned a level 7 spell: Summon Hydra
 16159 | D:13     | Reached XP level 13. HP: 57/57 MP: 14/27
 16305 | D:13     | Reached skill level 10 in Spellcasting
 16452 | D:13     | Found a gate to the Vaults.
 16588 | D:13     | Reached skill level 12 in Summonings
 17502 | D:13     | Reached skill level 10 in Air Magic
 17734 | D:14     | Noticed an apis
 17742 | D:14     | Killed an apis
 17743 | D:14     | Reached skill level 5 in Necromancy
 17746 | D:14     | Found a glowing golden altar of the Shining One.
 17749 | D:14     | Noticed an apis
 17813 | D:14     | Killed an apis
 17961 | D:14     | Reached skill level 13 in Summonings
 18147 | Lair:1   | Entered Level 1 of the Lair of Beasts
 18160 | Lair:1   | Reached XP level 14. HP: 63/63 MP: 10/30
 18526 | Lair:1   | Noticed Abyshratz's ghost (journeyman MfGl)
 18532 | Lair:1   | Found a transporter.
 18533 | Lair:1   | Found a bloodstained altar of Trog.
 18540 | Lair:1   | Found a transporter.
 18698 | Lair:1   | Reached skill level 1 in Evocations
 19137 | Lair:2   | Found a hole to the Spider Nest.
 20014 | Lair:2   | Found a staircase to the Shoals.
 20022 | Lair:2   | Found a shimmering altar of Xom.
 20800 | Lair:3   | Noticed Sonja
 20810 | Lair:3   | Killed Sonja
 21735 | Lair:4   | You fall into a shaft and drop 1 floor!
 21735 | Lair:5   | Entered Level 5 of the Lair of Beasts
 21823 | Lair:5   | Found a staircase to the Slime Pits.
 21824 | Lair:5   | Found a viscous altar of Jiyva.
 22007 | Lair:5   | HP: 3/64 [hell hound (3)]
 22008 | Lair:5   | Slain by a cane toad
 22009 | Lair:5   | Reached XP level 13. HP: -1/60 MP: 13/30
 22326 | Lair:5   | Reached skill level 14 in Summonings
 22630 | Lair:5   | Reached XP level 14. HP: 64/64 MP: 16/31
 23900 | Lair:4   | Reached skill level 5 in Unarmed Combat
 25145 | Lair:5   | Reached skill level 5 in Evocations
 26194 | Orc:1    | Entered Level 1 of the Orcish Mines
 26194 | Orc:1    | Found Rionuc's Weapon Emporium.
 26206 | Orc:1    | Reached skill level 1 in Transmutations
 26822 | Orc:2    | Entered Level 2 of the Orcish Mines
 26822 | Orc:2    | Found a staircase to the Elven Halls.
 27015 | Orc:2    | Reached skill level 10 in Fighting
 27270 | Orc:2    | Noticed an orc warlord
 27281 | Orc:2    | Killed an orc warlord
 27407 | Orc:2    | Found Syre's Antique Weapon Shoppe.
 27413 | Orc:2    | Found Yfeo's Antique Armour Shoppe.
 27463 | Orc:2    | Found Penuqiol's Book Shoppe.
 27480 | Orc:2    | Bought a book of Spatial Translocations for 306 gold pieces
 27483 | Orc:2    | Learned a level 2 spell: Blink
 27569 | Orc:2    | Found Pifud's General Store.
 27575 | Orc:2    | Bought a scroll of teleportation for 42 gold pieces
 27706 | Orc:2    | Reached XP level 15. HP: 28/67 MP: 5/33
 27714 | Orc:2    | Noticed Erolcha
 27842 | Orc:2    | Killed Erolcha
 28402 | Shoals:1 | Entered Level 1 of the Shoals
 28525 | Shoals:1 | Noticed Josephine
 28530 | Shoals:1 | Killed Josephine
 28544 | Shoals:1 | Reached skill level 15 in Summonings
 28762 | Lair:2   | Bought a book of the Sky for 660 gold pieces
 28762 | Lair:2   | Bought a Grand Grimoire for 510 gold pieces
 28771 | Lair:2   | Learned a level 8 spell: Summon Horrible Things
 29296 | Shoals:1 | Found a transporter.
 29756 | Shoals:1 | Found a transporter.
 29848 | Shoals:1 | Identified the ring "Qufypuma" {rC+ rN+ MP+9 Slay+3}
 29920 | Shoals:2 | Identified 2 scrolls of acquirement
 29921 | Shoals:2 | Acquired the Volume of Exothermic Vicissitude
 29923 | Shoals:2 | Acquired a book of the Wilderness
 30067 | Orc:2    | Bought a scroll of amnesia for 56 gold pieces
 30197 | Shoals:2 | Found Buxko's Jewellery Shop.
 31075 | Shoals:2 | Reached skill level 5 in Transmutations
 31855 | Shoals:2 | Upgraded the game from 0.30-a0-772-g5528072125 to
                  | 0.30-a0-777-ga9a30cbeda
 32232 | Shoals:3 | Reached XP level 16. HP: 67/74 MP: 27/34
 33108 | Shoals:3 | Noticed a kraken
 33154 | Shoals:4 | Entered Level 4 of the Shoals
 33192 | Shoals:4 | Hit by a boomerang thrown by a merfolk
 33193 | Shoals:4 | Reached XP level 15. HP: 0/70 MP: 18/33
 33205 | Shoals:4 | HP: 2/70 [alligator snapping turtle (68)]
 34384 | Shoals:4 | Noticed a kraken
 34392 | Shoals:4 | Killed from afar by a water nymph

Illustrated notes

Levels and vault maps discovered:
D:1:      erik_arrival_blinker_ship, layout_basic,
          shapermc_ecumenical_altar_mp_urbaneastern
D:2:      layout_loops_cross, minmay_statues_item, nicolae_titane, uniq_terence
D:3:      layout_basic, hangedman_decor_riveting, feat_on_display
D:4:      layout_loops_ring, minmay_temple_entry_offerings
D:5:      layout_loops_ring, uniq_pikel
D:6:      layout_loops_ring, mainiacjoe_overflow_six_doors_small,
          ebering_ghost_inner_flame
D:7:      layout_rooms, nicolae_ossuary_entry_false_entrances,
          uniq_prince_ribbit1, uniq_joseph
D:8:      layout_basic, serial_bayou_lagoon_a, uniq_gastronok, uniq_maurice
D:9:      layout_basic, grunt_temple_overflow_open, dpeg_oklobed_lair,
          zombieorc2_lemuel, serial_shops, nicolae_stop_n_shop_1,
          nicolae_stop_n_shop_1, gammafunk_ghost_smash
D:10:     layout_stronghold
D:11:     layout_loops_corners, minmay_joined_circles, uniq_nergalle
D:12:     layout_cave_pools, special_room [special_room_bee],
          chequers_serial_rivers_micro_c
D:13:     layout_basic, david_vaults_2, minmay_the_grid_2x2
          [minmay_the_grid_gridbox, minmay_the_grid_spikes,
          minmay_the_grid_all_tris, minmay_the_grid_prize_four_corners]
D:14:     dreamdust_under_siege, layout_long_grid, serial_bayou,
          serial_bayou_pond_c, serial_bayou_shore_a, serial_bayou_lake_a,
          serial_bayou_pond_d, trog_butcher_becter
Temple:   compressed_dpeg_circular_temple
Lair:1:   layout_big_grid, gammafunk_ghost_wrathful_warriors, serial_forest,
          infiniplex_forest_clump_small, infiniplex_forest_clump_C,
          infiniplex_forest_clump_curved, infiniplex_forest_end_3,
          infiniplex_forest_clump_double, grunt_megastairs_3
Lair:2:   wad_woods_structure_01, layout_cave_pods, nicolae_shoals_entry_roost,
          spider_nest_entry_a, basic_altar
Lair:3:   layout_regular_city, kennysheep_catoblepas_arena, grunt_megastairs_5,
          uniq_sonja
Lair:4:   pond_and_an_island_with_a_cottage, layout_regular_city,
          beast_lair_carwin_9
Lair:5:   guppyfry_lair_end_dragon, layout_gridlike,
          hangedman_lair_caniforms_friends, nicolae_slime_entry_slimehenge,
          serial_bayou_pond_c, chequers_serial_rivers_micro_c,
          chequers_serial_rivers_small_3
Shoals:1: gammafunk_sealed_arena, layout_shoals, st_shoals_ruin, uniq_josephine
Shoals:2: layout_shoals, serial_shops, nicolae_shop_crystal,
          nicolae_shoals_land_atoll
Shoals:3: layout_shoals, st_sunken_huts
Shoals:4: shoals_end_hangedman, layout_shoals, nicolae_shoals_drake_roost
Orc:1:    layout_caves, serial_shops, shop
Orc:2:    grunt_orc_cross, layout_diamond_mine, basic_altar, uniq_erolcha

Skill      XL: |  1  2  3  4  5  6  7  8  9 10 11 12 13 14 15 16 |
---------------+-------------------------------------------------+-----
Summonings     | 5 6 7 9 11 14 15 | 15.8
Hexes          | 1 2 4 5 6 8 |  8.9
Dodging        | 3 5 6 7 9 10 11 13 14 | 14.1
Fighting       | 1 2 3 4 5 7 8 10 | 10.8
Spellcasting   | 3 5 7 9 11 13 14 | 14.0
Air Magic      | 2 3 4 5 8 9 10 11 | 11.1
Necromancy     | 2 3 5 |  5.0
Unarmed Combat | 2 5 7 |  7.0
Evocations     | 5 6 |  6.0
Transmutations | 2 6 |  6.2
Stealth        | |  2.6

Action                     |  1- 3 |  4- 6 |  7- 9 | 10-12 | 13-15 | 16-18 || total
---------------------------+-------+-------+-------+-------+-------+-------++-------
  Melee: Unarmed           |    13 |    19 |     6 |    17 |   165 |     5 ||   225
         Bite              |       |     2 |     2 |     5 |    43 |     1 ||    53
         Punch             |       |     2 |     1 |       |    18 |     1 ||    22
   Cast: Summon Small Mamm |    49 |    15 |     2 |       |     1 |       ||    67
         Call Imp          |    15 |    14 |     6 |    17 |     2 |       ||    54
         Call Canine Famil |     5 |    27 |    37 |    48 |    94 |       ||   211
         Summon Guardian G |       |     2 |    26 |    59 |   119 |     1 ||   207
         Summon Lightning  |       |       |    33 |    85 |   198 |     9 ||   325
         Tukima's Dance    |       |       |     1 |     1 |     8 |     1 ||    11
         Anguish           |       |       |       |     4 |    18 |       ||    22
         Summon Hydra      |       |       |       |     2 |   323 |    16 ||   341
         Summon Horrible T |       |       |       |       |    22 |     4 ||    26
         Blink             |       |       |       |       |     5 |     1 ||     6
 Invoke: Call Merchant     |       |       |       |       |     4 |       ||     4
         Potion Petition   |       |       |       |       |     3 |       ||     3
  Evoke: Wand              |       |     6 |     4 |    17 |    29 |       ||    56
         Phial of floods   |       |       |       |       |     1 |       ||     1
         Tin of tremorston |       |       |       |       |     1 |       ||     1
    Use: Potion            |       |     5 |     1 |     3 |    10 |       ||    19
         Scroll            |       |    10 |     1 |    10 |    19 |       ||    40
   Stab: Distracted        |       |       |       |     1 |       |       ||     1
 Armour: Skin              |     3 |     2 |     1 |     4 |    13 |       ||    23
  Dodge: Dodged            |    24 |    58 |    54 |   124 |   277 |    16 ||   553

Table legend: (Time is in decaauts)
 A = Elapsed time spent in this place.
 B = Non-inter-level travel time spent in this place.
 C = Inter-level travel time spent in this place.
 D = Time resting spent in this place.
 E = Time spent auto-exploring this place.
 F = Levels seen in this place.
 G = Mean time per level.
                   A        B        C        D        E       F      G
               +--------+--------+--------+--------+--------+-----+--------+
         Total |  31139 |  29625 |   1514 |   2412 |  20466 |  27 | 1153.3 |
       Dungeon |  16078 |  15413 |    665 |   1076 |  10992 |  14 | 1148.4 |
        Temple |     85 |     58 |     27 |      0 |     44 |   1 |   85.0 |
          Lair |   7423 |   6834 |    589 |    471 |   4732 |   5 | 1484.6 |
        Shoals |   5456 |   5324 |    132 |    601 |   3385 |   4 | 1364.0 |
  Orcish Mines |   1965 |   1866 |     99 |    263 |   1256 |   2 |  982.5 |
       Ossuary |    130 |    130 |      0 |      0 |     56 |   1 |  130.0 |
               +--------+--------+--------+--------+--------+-----+--------+

Top non-repeatable levels by time:
  Lair:5: 2455 daAuts
  Lair:2: 1939 daAuts
    D:11: 1843 daAuts
Shoals:2: 1798 daAuts
     D:9: 1676 daAuts
    D:13: 1618 daAuts
     D:5: 1444 daAuts
   Orc:2: 1291 daAuts
     D:8: 1271 daAuts
Shoals:4: 1265 daAuts
     D:7: 1264 daAuts
Shoals:1: 1260 daAuts
    D:10: 1218 daAuts
     D:6: 1186 daAuts
Shoals:3: 1132 daAuts
